 Dungeon Crawl Stone Soup version 0.31-a0-214-gb37851dbb3 (webtiles) character file.

Game seed: 10967550378193290621

1531 qw the Cleaver (level 8, -1/52 HPs)
             Began as a Gargoyle Fighter on July 1, 2023.
             Killed from afar by a steam dragon (11 damage)
             ... with a ball of steam
             ... on level 6 of the Dungeon.
             The game lasted 00:02:15 (4355 turns).

qw the Cleaver (Gargoyle Fighter)                   Turns: 4355, Time: 00:02:15

Health: -1/52      AC: 17    Str: 21    XL:     8   Next: 85%
Magic:  8/8        EV:  8    Int: 10    God:
Gold:   256        SH:  4    Dex:  9    Spells: 7/7 levels left

rFire   . . .        Y - +2 war axe
rCold   . . .        c - +0 buckler
rNeg    + . .        o - +0 chain mail
rPois   inf          g - +1 helmet
rElec   +            (no cloak)
rCorr   .            (no gloves)
SInv    .            (no boots)
Will    .....        (no amulet) Stlth
                     (no ring)
HPRegen 0.28/turn    (no ring)
MPRegen 0.11/turn

%: no passive effects
@: no status effects
A: sickness immunity, AC +5, negative energy resistance 1, electricity
resistance, torment resistance 1, petrification resistance
a: no special abilities


You were on level 6 of the Dungeon.
You visited 2 branches of the dungeon, and saw 7 of its levels.

You collected 303 gold pieces.
You spent 47 gold pieces at shops.


Innate Abilities, Weirdness & Mutations

You are immune to sickness and miasma.
Your stone body is resilient. (AC +5)
You are immune to poison.
You resist negative energy. (rN+)
You are resistant to electric shocks. (rElec)
You are resistant to unholy torment.
You are immune to petrification.


   Skills:
 - Level 6.3 Fighting
 - Level 8.1 Axes
 - Level 2.0 Throwing
 + Level 3.6 Armour
 - Level 1.9 Dodging
 - Level 3.2 Shields


You had 7 spell levels left.
You didn't know any spells.
Your spell library was empty.

Inventory:

Hand Weapons
 b - a +0 morningstar
 Y - a +2 war axe (weapon)
Missiles
 e - 4 boomerangs
 p - 5 javelins (quivered)
Armour
 c - a +0 buckler (worn)
 g - a +1 helmet (worn)
 o - a +0 chain mail (worn)
Jewellery
 n - a ring of ice
Wands
 i - a wand of digging (11)
Scrolls
 j - 3 scrolls of identify
 q - a scroll of blinking {unknown}
 r - a scroll of amnesia {unknown}
Potions
 a - 2 potions of heal wounds {unknown}
 d - 2 potions of might
 f - a potion of mutation
 h - a potion of curing
 k - a potion of magic {unknown}
 l - a potion of attraction {unknown}
 m - a potion of lignification {unknown}

Dungeon Overview and Level Annotations

Branches:
Dungeon (6/15)             Temple (1/1) D:6

Altars:
Ashenzari
Dithmenos
Gozag
Hepliaklqana
Makhleb
Nemelex Xobeh
Qazlal
Ru
Sif Muna
Vehumet
Xom
Yredelemnul
Zin

Shops:
D:1 (


Message History

You slash the adder!
You kill the adder!
You hit the scorpion. You slash the hound! The hound closely misses you.
The scorpion stings you. The hound bites you but does no damage.
You slash the hound!
You kill the hound!
You closely miss the scorpion. You closely miss the steam dragon.
The scorpion stings you but does no damage.
The steam dragon breathes steam at you. The ball of steam hits you!!
You block the scorpion's attack.
You closely miss the scorpion.
The scorpion is lightly wounded.
You hit the steam dragon.
You are engulfed in a cloud of scalding steam.
The steam dragon closely misses you. The steam dragon misses you.
The scorpion closely misses you.
You slash the steam dragon!
The steam dragon is moderately wounded.
You hit the scorpion.
You are engulfed in a cloud of scalding steam.
The steam dragon bites you but does no damage.
The steam dragon claws you but does no damage.
The scorpion stings you.
You closely miss the steam dragon.
The steam dragon is moderately wounded.
You slash the scorpion!
The scorpion stings you but does no damage.
The steam dragon breathes steam at you.
The ball of steam hits you but does no damage.
The scorpion stings you but does no damage.
You hit the scorpion.
The scorpion is almost dead.
You slash the steam dragon!
You are engulfed in a cloud of scalding steam.
The steam dragon bites you. The steam dragon barely misses you.
You block the scorpion's attack. The steam dragon breathes steam at you.
The ball of steam hits you!
You die...

#......#########..###..>...#
##.....#.......#.......###..
###.#.#.......#.....####...
#####...$...#.#...####...
#)......#.#..........
#.......#...##..#..#.
#.......#...#...##.#.
#..%sD..#.#..#..##### #@#
###.....# #.######....##
#........#.## ########...#
#####


You could see a steam dragon (catching breath) and a scorpion.

Vanquished Creatures
  Grinder (D:6)
  A water moccasin (D:6)
  An ice beast (D:5)
  2 black bears (D:5)
  An ogre (D:4)
  A kobold brigand (D:6)
  3 scorpions
  A gnoll sergeant (D:5)
  A howler monkey (D:4)
  2 hounds (D:6)
  An orc priest (D:4)
  3 iguanas (D:5)
  3 sleepcaps
  Ijyb (D:4)
  11 adders
  5 gnolls
  2 ufetubi (D:6)
  2 worms
  2 dart slugs
  13 orcs
  8 endoplasms
  4 giant cockroaches
  5 goblins
  3 hobgoblins
  7 jackals
  2 quokkas
  7 ball pythons
  5 bats
  4 frilled lizards
  7 kobolds
  4 rats (D:1)
113 creatures vanquished.

Notes
Turn   | Place    | Note
-------+----------+-------------------------------------------
     0 | D:1      | qw the Gargoyle Fighter began the quest for the Orb.
     0 | D:1      | Reached XP level 1. HP: 14/14 MP: 1/1
     0 | D:1      | 0 ||| qw: Version: 0.3-a-32-g5962c71
     0 | D:1      | 0 ||| qw: Game counter: 7615
     0 | D:1      | 0 ||| qw: Melee chars always use a shield: true
     0 | D:1      | 0 ||| qw: God list: Okawaru
     0 | D:1      | 0 ||| qw: Allow faded altars: false
     0 | D:1      | 0 ||| qw: Do Orc after clearing Dungeon:15 true
     0 | D:1      | 0 ||| qw: Do second Lair branch before Depths: true
     0 | D:1      | 0 ||| qw: Lair rune preference: random
     0 | D:1      | 0 ||| qw: Goals: Normal, Zot:1-4, Slime:5, God:TSO, Crypt,
                  | Tomb, Abyss, Pan, Hells, Win
     0 | D:1      | 0 ||| PLANNING D:1-11
    73 | D:1      | Reached skill level 2 in Axes
    97 | D:1      | 97 ||| Stepping ~*~*~tactically~*~*~ (stealth).
   165 | D:1      | Reached XP level 2. HP: 19/19 MP: 2/2
   218 | D:1      | 218 ||| Stepping ~*~*~tactically~*~*~ (hiding).
   304 | D:1      | Reached skill level 3 in Axes
   309 | D:1      | Reached XP level 3. HP: 19/23 MP: 3/3
   335 | D:1      | Found Goniattea's Antique Weapon Boutique.
   356 | D:1      | 356 ||| SHOPLISTING runed flail (123 gold, have 64).
   356 | D:1      | 356 ||| BUYING whip (47 gold).
   356 | D:1      | Bought a whip for 47 gold pieces
   356 | D:1      | 356 ||| DROPPING +0 club.
   504 | D:1      | 504 ||| UPGRADING to +1 helmet.
   509 | D:1      | 509 ||| DROPPING +6 ring of intelligence.
   510 | D:1      | 510 ||| READING scroll labelled VEKUBIYTRA.
   511 | D:1      | 511 ||| READING scroll labelled IMU NAAPNOLUOME.
   512 | D:1      | 512 ||| READING 3 scrolls labelled EFIEMM NITHRUI.
   513 | D:1      | 513 ||| READING 2 scrolls of identify.
   513 | D:1      | 513 ||| IDENTIFYING clear potion
   514 | D:1      | 514 ||| DROPPING potion of degeneration.
   650 | D:2      | 650 ||| Stepping ~*~*~tactically~*~*~ (stealth).
   711 | D:2      | 711 ||| Stepping ~*~*~tactically~*~*~ (hiding).
   757 | D:2      | 757 ||| Stepping ~*~*~tactically~*~*~ (stealth).
   795 | D:2      | Reached XP level 4. HP: 23/28 MP: 4/4
  1114 | D:2      | 1114 ||| Stepping ~*~*~tactically~*~*~ (stealth).
  1115 | D:2      | 1115 ||| Stepping ~*~*~tactically~*~*~ (stealth).
  1163 | D:2      | 1163 ||| READING 2 scrolls labelled IXYMICVAFA.
  1168 | D:2      | 1168 ||| READING scroll labelled PIOTAM WA EGUN.
  1187 | D:2      | 1187 ||| DRINKING 2 murky coppery potions.
  1210 | D:3      | Reached skill level 4 in Axes
  1214 | D:3      | 1214 ||| STAIRDANCE
  1375 | D:3      | 1375 ||| Stepping ~*~*~tactically~*~*~ (stealth).
  1376 | D:3      | 1376 ||| Stepping ~*~*~tactically~*~*~ (stealth).
  1623 | D:3      | Found a faded altar of an unknown god.
  1625 | D:3      | Noticed an eye of devastation
  1626 | D:3      | Noticed a floating eye
  1626 | D:3      | Noticed a golden eye
  1626 | D:3      | Noticed a shining eye
  1661 | D:3      | 1661 ||| UPGRADING to +0 chain mail.
  1671 | D:3      | 1671 ||| DROPPING +0 scale mail.
  1672 | D:3      | 1672 ||| READING scroll labelled LEZYIXK ES VIL.
  1673 | D:3      | 1673 ||| DRINKING 2 cyan potions.
  1674 | D:3      | 1674 ||| DROPPING potion of brilliance.
  1689 | D:4      | Reached XP level 5. HP: 32/32 MP: 5/5
  1859 | D:4      | 1859 ||| Stepping ~*~*~tactically~*~*~ (stealth).
  1865 | D:4      | HP: 8/32 [orc priest/divine providence (15)]
  1866 | D:4      | 1866 ||| READING scroll of teleportation.
  2019 | D:4      | 2019 ||| READING scroll of enchant weapon.
  2019 | D:4      | 2019 ||| ENCHANTING +1 war axe.
  2061 | D:4      | Reached skill level 5 in Axes
  2077 | D:4      | 2077 ||| Stepping ~*~*~tactically~*~*~ (stealth).
  2079 | D:4      | 2079 ||| Stepping ~*~*~tactically~*~*~ (hiding).
  2093 | D:4      | 2093 ||| Stepping ~*~*~tactically~*~*~ (stealth).
  2104 | D:4      | 2104 ||| Stepping ~*~*~tactically~*~*~ (hiding).
  2105 | D:4      | 2105 ||| Stepping ~*~*~tactically~*~*~ (hiding).
  2192 | D:4      | 2192 ||| DROPPING +2 whip of draining.
  2193 | D:4      | 2193 ||| DROPPING +0 whip.
  2241 | D:4      | Reached XP level 6. HP: 39/39 MP: 6/6
  2263 | D:4      | Noticed Ijyb
  2279 | D:4      | Killed Ijyb
  2596 | D:4      | 2596 ||| DROPPING ring of magical power.
  2597 | D:4      | 2597 ||| READING 2 scrolls of identify.
  2597 | D:4      | 2597 ||| IDENTIFYING fuming red potion
  2626 | D:5      | Entered Level 5 of the Dungeon
  2697 | D:5      | Noticed a black bear
  2703 | D:5      | Killed a black bear
  2704 | D:5      | Reached skill level 6 in Axes
  2704 | D:5      | Reached XP level 7. HP: 43/44 MP: 7/7
  2836 | D:5      | 2836 ||| DROPPING +0 flail.
  2840 | D:5      | 2840 ||| Stepping ~*~*~tactically~*~*~ (stealth).
  2842 | D:5      | 2842 ||| Stepping ~*~*~tactically~*~*~ (stealth).
  2846 | D:5      | 2846 ||| Stepping ~*~*~tactically~*~*~ (stealth).
  2852 | D:5      | 2852 ||| Stepping ~*~*~tactically~*~*~ (stealth).
  2904 | D:5      | Reached skill level 1 in Dodging
  3010 | D:5      | 3010 ||| Stepping ~*~*~tactically~*~*~ (stealth).
  3012 | D:5      | 3012 ||| Stepping ~*~*~tactically~*~*~ (stealth).
  3031 | D:5      | 3031 ||| Stepping ~*~*~tactically~*~*~ (stealth).
  3043 | D:5      | HP: 9/44 [gnoll sergeant/+1 heavy trident (4)]
  3288 | D:5      | Reached skill level 1 in Throwing
  3626 | D:5      | 3626 ||| READING scroll labelled IMNOUQ WOEJ.
  3684 | D:6      | 3684 ||| STAIRDANCE
  3687 | D:5      | Reached skill level 7 in Axes
  3687 | D:5      | Reached XP level 8. HP: 33/48 MP: 8/8
  3969 | D:6      | Found a staircase to the Ecumenical Temple.
  3970 | D:6      | 3970 ||| PLANNING TEMPLE
  3976 | Temple   | Entered the Ecumenical Temple
  4013 | Temple   | 4013 ||| PLANNING D:1-11
  4190 | D:6      | Reached skill level 8 in Axes
  4207 | D:6      | Noticed Grinder
  4208 | D:6      | 4208 ||| Stepping ~*~*~tactically~*~*~ (hiding).
  4212 | D:6      | Paralysed by Grinder for 3 turns
  4220 | D:6      | Paralysed by Grinder for 5 turns
  4231 | D:6      | Killed Grinder
  4232 | D:6      | Reached skill level 6 in Fighting
  4355 | D:6      | HP: 10/52 [steam dragon (6)]
  4355 | D:6      | Killed from afar by a steam dragon

Levels and vault maps discovered:
D:1:      lordsloth_arrival_two_stooges, layout_rooms, serial_shops, shop,
          chequers_jeans
D:2:      layout_basic
D:3:      layout_rooms, hellmonk_ecumenical_altar_watching_god
D:4:      minmay_skewed_foursquare, layout_loops_ring, kennysheep_doodads,
          uniq_ijyb
D:5:      dreamdust_elfheim, layout_gridville
D:6:      minmay_angry_zag, layout_cave_pools, temple_green,
          kennysheep_small_square, uniq_grinder
Temple:   nicolae_temple_ecumenical_triangle

Skill      XL: |  1  2  3  4  5  6  7  8 |
---------------+-------------------------+-----
Axes           | 2 3 4 5 6 7 8 |  8.1
Fighting       | 4 6 |  6.3
Dodging        | 1 |  1.9
Throwing       | 1 2 |  2.0
Armour         | |  3.6
Shields        | |  3.2

Action                     |  1- 3 |  4- 6 |  7- 9 || total
---------------------------+-------+-------+-------++-------
  Melee: War axe           |   109 |   114 |   116 ||   339
  Throw: Boomerang         |    13 |    70 |    24 ||   107
         Javelin           |       |       |    28 ||    28
    Use: Scroll            |     4 |     6 |     1 ||    11
         Potion            |       |     2 |       ||     2
 Armour: Scale mail        |    58 |    47 |       ||   105
         Chain mail        |       |    37 |    84 ||   121
  Dodge: Dodged            |    49 |    41 |    50 ||   140
  Block: Buckler           |    20 |    19 |    28 ||    67

Table legend:
 A = Non-vault XP
 B = Vault XP
 C = Vault XP percentage of total XP
 D = Non-vault monster count
 E = Vault monster count
 F = Vault count percentage of total count
                 A         B        C        D         E       F
            +---------+---------+-------+---------+---------+-------
      Total |    1326 |     862 |  39.4 |      97 |      16 |  14.2
            +---------+---------+-------+---------+---------+-------
        D:1 |      38 |       0 |   0.0 |      18 |       0 |   0.0
        D:2 |      59 |       0 |   0.0 |      18 |       0 |   0.0
        D:3 |      40 |       0 |   0.0 |      20 |       0 |   0.0
        D:4 |     269 |     127 |  32.1 |      15 |       6 |  28.6
        D:5 |     764 |       0 |   0.0 |      19 |       0 |   0.0
        D:6 |     156 |     735 |  82.5 |       7 |      10 |  58.8
            +---------+---------+-------+---------+---------+-------
